[Event "Titled Tuesday Blitz April 4 Early 2023"]
[White "Tokman, Ariel"]
[Black "Fajdetic, Hrvoje"]
[WhiteFideId "117420"]
[BlackFideId "14501945"]
[WhiteElo "2263"]
[BlackElo "2185"]
[Result "1-0"]
[Round "02"]
[TimeControl "180+2"]
[Date "2023.04.04"]
[WhiteClock "0:01:05"]
[BlackClock "0:00:13"]

1. c4 f5 2. b4 Nf6 3. Bb2 d6 4. e3 e5 5. Nf3 Be7 6. d4 e4 7. Nfd2 c6 8. Nc3 d5 9. Qb3 O-O 10. g3 Kh8 11. h4 Be6 12. cxd5 cxd5 13. Na4 b6 14. Nc3 a6 15. Ne2 b5 16. Nf4 Bg8 17. a4 Nc6 18. Bc3 Rb8 19. axb5 axb5 20. Be2 Bd6 21. Qb2 Bxf4 22. gxf4 Nd7 23. Nb3 Nb6 24. Nc5 Nc4 25. Bxc4 bxc4 26. b5 Rf6 27. h5 Ne7 28. h6 g6 29. Ke2 Rfb6 30. Ba5 Qe8 31. Bxb6 Rxb6 32. Rhb1 Nc8 33. Ra6 Qd8 34. Rxb6 Qxb6 35. Qb4 Nd6 36. Nd7 Qc7 37. Ne5 Be6 38. Qc5 Qb8 39. b6 Bc8 40. b7 Bxb7 41. Qxd6 Qxd6 42. Nf7+ Kg8 43. Nxd6 Ba6 44. Rb8+ 1-0


[Site "https://www.chess.com"]

[Event "Titled Tuesday Blitz April 4 Early 2023"]
[White "Orujov2008"]
[Black "Nguyen, Hong Anh"]
[BlackFideId "12406732"]
[WhiteElo "2278"]
[BlackElo "2054"]
[Result "1-0"]
[Round "02"]
[TimeControl "180+2"]
[Date "2023.04.04"]
[WhiteClock "0:00:03"]
[BlackClock "0:00:22"]

1. e4 c5 2. Nf3 Nc6 3. d4 cxd4 4. Nxd4 g6 5. Be3 Bg7 6. c4 Nf6 7. Nc3 d6 8. Be2 O-O 9. O-O Bd7 10. Qd2 Qa5 11. f3 Rfc8 12. Rac1 a6 13. Rfd1 Nxd4 14. Bxd4 b5 15. Bxf6 Bxf6 16. Nd5 Qxd2 17. Nxf6+ Kg7 18. Rxd2 Kxf6 19. Rdc2 Rc5 20. cxb5 Rxc2 21. Rxc2 axb5 22. Rc7 Ke6 23. a3 f5 24. Kf2 Be8 25. Ke3 Rb8 26. b3 Ra8 27. Rb7 Rxa3 28. Bd1 Ra1 29. Be2 Rb1 30. exf5+ gxf5 31. Kf4 Rxb3 32. Bd1 Rb4+ 33. Ke3 Kf6 34. Rb6 Bf7 35. g3 Bd5 36. h4 h5 37. f4 Re4+ 38. Kd2 Rd4+ 39. Ke1 Bc4 40. Bxh5 Rd3 41. Kf2 Rd2+ 42. Kg1 Rb2 43. Bf3 b4 44. h5 b3 45. h6 Kg6 46. Rb4 d5 47. Rb6+ Kh7 48. g4 fxg4 49. Bxg4 Rb1+ 50. Kf2 Rf1+ 51. Ke3 Re1+ 52. Kf2 Rf1+ 53. Ke3 Rh1 54. Bf5+ Kg8 55. Rb8+ Kf7 56. h7 Kf6 57. Bb1 Rh3+ 58. Kf2 Rh2+ 59. Kg3 Rh6 60. h8=Q+ Rxh8 61. Rxh8 e5 62. Kf3 e4+ 63. Ke3 Kg7 64. Rh5 Kg6 65. Re5 Kf6 66. Kd4 Bf1 67. Rxd5 e3 68. Kxe3 Bg2 69. Re5 Bh3 70. Kd4 Bf5 71. Rxf5+ 1-0


[Site "https://www.chess.com"]

[Event "Titled Tuesday Blitz April 4 Early 2023"]
[White "Erzhanov, Arman"]
[Black "nicolasulaneobelassi"]
[WhiteFideId "4138821"]
[WhiteElo "2138"]
[BlackElo "2265"]
[Result "0-1"]
[Round "02"]
[TimeControl "180+2"]
[Date "2023.04.04"]
[WhiteClock "0:00:06"]
[BlackClock "0:00:10"]

1. e4 e5 2. Nf3 Nc6 3. Bb5 a6 4. Bxc6 dxc6 5. Nc3 f6 6. d4 exd4 7. Nxd4 c5 8. Nde2 Qxd1+ 9. Nxd1 Bd7 10. Bf4 O-O-O 11. Ne3 Ne7 12. O-O-O Ng6 13. Bg3 h5 14. h4 Ne5 15. f3 Be7 16. Nf4 c6 17. Rd2 g6 18. Rhd1 g5 19. Nd3 Nxd3+ 20. Rxd3 Be6 21. Rxd8+ Rxd8 22. Rxd8+ Kxd8 23. c4 b5 24. b3 a5 25. a4 Kd7 26. Kd2 Bd6 27. Bxd6 Kxd6 28. Kd3 Ke5 29. hxg5 fxg5 30. Nd1 Kf4 31. Ne3 bxa4 32. bxa4 h4 33. Ke2 g4 34. fxg4 Kxe4 35. g5 Bf7 36. Kf2 Kf4 37. Ke2 Bh5+ 38. Kf2 Kxg5 39. Nf1 Kf4 40. Nd2 Bf7 41. Nb3 Bxc4 42. Nxa5 Bd5 43. Nb7 c4 44. a5 c5 45. Nxc5 c3 46. Nd3+ Ke4 47. Nc1 Kd4 48. a6 Kc4 49. Ne2 c2 50. g4 h3 51. Kg3 Kd3 52. Nc1+ Kd2 53. Nb3+ Bxb3 54. a7 Bd5 55. Kxh3 c1=Q 56. Kh4 Ke3 57. Kg5 Qc7 58. Kf6 Qxa7 59. g5 Qf7+ 60. Ke5 Qe6# 0-1


[Site "https://www.chess.com"]

[Event "Titled Tuesday Blitz April 4 Early 2023"]
[White "Zaichenko, Daria"]
[Black "Golubev, Mikhail"]
[WhiteFideId "4197453"]
[BlackFideId "14100983"]
[WhiteElo "2039"]
[BlackElo "2374"]
[Result "0-1"]
[Round "02"]
[TimeControl "180+2"]
[Date "2023.04.04"]
[WhiteClock "0:00:02"]
[BlackClock "0:00:05"]

1. e4 c5 2. Nf3 d6 3. d4 Nf6 4. Nc3 cxd4 5. Nxd4 Nc6 6. Bc4 e6 7. O-O a6 8. a4 Be7 9. Ba2 O-O 10. Be3 Ne5 11. h3 Qc7 12. Qe2 Bd7 13. a5 Rac8 14. f4 Nc4 15. Bc1 Nxa5 16. e5 dxe5 17. fxe5 Bc5 18. exf6 Bxd4+ 19. Be3 Bxe3+ 20. Qxe3 Qc5 21. Qxc5 Rxc5 22. fxg7 Kxg7 23. Rf3 Nc6 24. Raf1 Ne5 25. Rg3+ Ng6 26. Bb3 Bc6 27. Kh2 Rd8 28. h4 Rh5 29. Rf4 Kf8 30. Rf2 Nxh4 31. Rh3 Ke7 32. Kh1 Rd4 33. Ne2 Rg4 34. Nf4 Rhg5 35. Rd3 Nxg2 36. Nxg2 Rxg2 37. Rxg2 Rxg2 38. Rc3 Rxc2+ 39. Kg1 Rxc3 40. bxc3 b6 0-1


[Site "https://www.chess.com"]

[Event "Titled Tuesday Blitz April 4 Early 2023"]
[White "Romero Pallares, Daniel"]
[Black "Nugumanov, Bakhtiyar"]
[WhiteFideId "32025637"]
[BlackFideId "13701797"]
[WhiteElo "2195"]
[BlackElo "2209"]
[Result "1-0"]
[Round "02"]
[TimeControl "180+2"]
[Date "2023.04.04"]
[WhiteClock "0:01:09"]
[BlackClock "0:00:06"]

1. Nf3 e6 2. g3 b6 3. Bg2 Bb7 4. b3 d5 5. Bb2 c5 6. e3 Nf6 7. c4 Be7 8. O-O Nc6 9. Nc3 O-O 10. cxd5 exd5 11. d4 Rc8 12. Rc1 cxd4 13. Nxd4 Nxd4 14. Qxd4 Bc5 15. Qh4 Qe7 16. Rfd1 Rfd8 17. Nb5 a6 18. Nd4 Bxd4 19. Bxd4 Rxc1 20. Rxc1 Qd6 21. Bxf6 Qxf6 22. Qxf6 gxf6 23. Rc7 Ba8 24. Kf1 Kf8 25. Ke2 Ke8 26. Kd3 a5 27. Kd4 f5 28. Bh3 f4 29. gxf4 b5 30. Rc8 a4 31. Rxd8+ Kxd8 32. bxa4 bxa4 33. Bg2 Ke7 34. Bxd5 Bxd5 35. Kxd5 Kf6 36. e4 1-0


[Site "https://www.chess.com"]

[Event "Titled Tuesday Blitz April 4 Early 2023"]
[White "Torres Hernandez, Leslie Carolin"]
[Black "Urbina Perez, Juan Antonio"]
[WhiteFideId "8400504"]
[BlackFideId "2217368"]
[WhiteElo "1920"]
[BlackElo "2197"]
[Result "0-1"]
[Round "02"]
[TimeControl "180+2"]
[Date "2023.04.04"]
[WhiteClock "0:00:01"]
[BlackClock "0:00:09"]

1. e4 c5 2. Nf3 d6 3. Bb5+ Bd7 4. Bxd7+ Nxd7 5. O-O Ngf6 6. Qe2 e6 7. d4 Be7 8. e5 Nd5 9. exd6 Bxd6 10. c4 N5f6 11. d5 O-O 12. dxe6 Nb6 13. exf7+ Rxf7 14. Nc3 Re7 15. Qd1 Kh8 16. Bg5 Nxc4 17. Bxf6 gxf6 18. Nd5 Rf7 19. b3 Ne5 20. Nh4 Qd7 21. Qh5 Rg8 22. f4 Nc6 23. Nf5 Bf8 24. Rad1 Nd4 25. Nxd4 cxd4 26. Kh1 Bg7 27. f5 Rff8 28. Nf4 h6 29. Ng6+ Kh7 30. Nxf8+ Rxf8 31. Qg6+ Kh8 32. Rf4 d3 33. Rf3 d2 34. Rf2 Re8 35. Rff1 Re2 36. Qg4 Qd5 37. Qf3 Qe5 38. h3 Bf8 39. Qxb7 Qg3 40. Qf3 Qe5 41. Qa8 Kg8 42. Qf3 Bd6 43. Qg4+ Kf8 44. g3 Qd5+ 45. Qf3 Qe5 46. Rg1 Re1 47. Qh5 Qe4+ 48. Kh2 Qe2+ 0-1


[Site "https://www.chess.com"]

[Event "Titled Tuesday Blitz April 4 Early 2023"]
[White "Astafurov, Arseniy"]
[Black "Simonovic, Miroslav"]
[WhiteFideId "24175218"]
[BlackFideId "919152"]
[WhiteElo "2163"]
[BlackElo "2042"]
[Result "1-0"]
[Round "02"]
[TimeControl "180+2"]
[Date "2023.04.04"]
[WhiteClock "0:00:09"]
[BlackClock "0:00:05"]

1. c4 c5 2. Nc3 Nc6 3. Nf3 e5 4. e3 g6 5. d4 d6 6. dxe5 dxe5 7. Qxd8+ Kxd8 8. b3 f5 9. Bb2 e4 10. Nd5 exf3 11. Bxh8 fxg2 12. Bxg2 Bd7 13. O-O-O Be7 14. h4 Rc8 15. h5 g5 16. h6 Ke8 17. Bf3 Be6 18. Bh5+ Bf7 19. Bxf7+ Kxf7 20. Bc3 b6 21. Rdg1 Nf6 22. Rxg5 Ne4 23. Rxf5+ Ke6 24. Rf4 Nxc3 25. Nxc3 Bf6 26. Nd5 Be5 27. Rg4 Nb4 28. f4 Bh8 29. a3 Nd3+ 30. Kd2 Nf2 31. Rhg1 Nxg4 32. Rxg4 b5 33. Kd3 bxc4+ 34. bxc4 Rb8 35. Ke4 Rb3 36. Rg8 Bb2 37. a4 Bc1 38. Ra8 Rb2 39. Rxa7 Rh2 40. Rxh7 Rh5 41. a5 Kd6 42. a6 Rh2 43. a7 Ra2 44. Rg7 Rxa7 45. Rxa7 Bxe3 46. Nxe3 Ke6 47. h7 Kf6 48. h8=Q+ Kg6 49. Rg7+ Kf6 50. Qh6# 1-0


[Site "https://www.chess.com"]

[Event "Titled Tuesday Blitz April 4 Early 2023"]
[White "Floresvillar Gonzalez, Luis Migu"]
[Black "Tifferet, Shaked"]
[WhiteFideId "5100542"]
[BlackFideId "2811529"]
[WhiteElo "2040"]
[BlackElo "2142"]
[Result "0-1"]
[Round "02"]
[TimeControl "180+2"]
[Date "2023.04.04"]
[WhiteClock "0:00:01"]
[BlackClock "0:00:06"]

1. d4 g6 2. c3 Bg7 3. Bg5 c5 4. e3 cxd4 5. exd4 Nf6 6. Bd3 b6 7. Nf3 Bb7 8. Nbd2 d6 9. O-O Nbd7 10. Re1 O-O 11. Qe2 h6 12. Bxf6 Bxf6 13. h3 e5 14. Ne4 Be7 15. dxe5 Nxe5 16. Bc2 Kg7 17. Rad1 Nxf3+ 18. gxf3 Qd7 19. Kh2 Rae8 20. Qd2 Bc8 21. Rh1 f5 22. Nxd6 Bxd6+ 23. Qxd6 Qxd6+ 24. Rxd6 Re2 25. Bb3 Rxf2+ 26. Kg3 Rxb2 27. f4 Re8 28. Rf1 Ree2 29. Rc6 Ba6 30. Rc7+ Kf8 31. Rd1 Rg2+ 32. Kf3 Be2+ 33. Kxg2 Bxd1+ 34. Kg3 Bxb3 35. axb3 Rxb3 36. Rxa7 Rxc3+ 37. Kh4 Rc4 38. Rb7 Rxf4+ 39. Kg3 Rb4 40. h4 g5 41. hxg5 hxg5 42. Rh7 Rb3+ 43. Kf2 g4 44. Rh5 Rf3+ 45. Kg2 Kg7 46. Rh1 Rb3 47. Rc1 Kf6 48. Rc6+ Kg5 49. Rc8 Rb4 50. Rg8+ Kf4 51. Rc8 Rb2+ 52. Kh1 Kg3 53. Rc3+ Kh4 54. Kg1 f4 55. Rc6 f3 56. Rc1 Kg3 57. Kh1 b5 58. Rg1+ Kh4 59. Rc1 b4 0-1


[Site "https://www.chess.com"]

[Event "Titled Tuesday Blitz April 4 Early 2023"]
[White "Baches Garcia, Guillermo"]
[Black "EdmundPlayer"]
[WhiteFideId "2209764"]
[WhiteElo "2476"]
[BlackElo "2245"]
[Result "1-0"]
[Round "02"]
[TimeControl "180+2"]
[Date "2023.04.04"]
[WhiteClock "0:01:10"]
[BlackClock "0:00:01"]

1. e4 e5 2. Nf3 Nc6 3. Nc3 Nf6 4. d4 exd4 5. Nxd4 Bb4 6. Nxc6 bxc6 7. Bd3 O-O 8. O-O Re8 9. Bg5 h6 10. Bh4 d5 11. exd5 cxd5 12. Bxf6 Qxf6 13. Nxd5 Qd6 14. Nxb4 Qxb4 15. b3 Bb7 16. Re1 Bc6 17. a3 Rxe1+ 18. Qxe1 Qg4 19. Qf1 Re8 20. f3 Qd4+ 21. Kh1 a5 22. a4 Bd5 23. Re1 Re3 24. Rxe3 Qxe3 25. h3 Kf8 26. Qe2 Qc1+ 27. Kh2 Qf4+ 28. Kg1 Qd4+ 29. Kf1 Qa1+ 30. Kf2 Qd4+ 31. Qe3 c5 32. Qxd4 cxd4 33. Ke2 Ke7 34. Be4 Be6 35. Kd3 f5 36. Bb7 Kd6 37. Kxd4 f4 38. Ba6 g5 39. Bc4 Bf5 40. Bd3 Be6 41. Be4 Bd7 42. c3 Be6 43. Bc2 Bd7 44. b4 1-0


[Site "https://www.chess.com"]

[Event "Titled Tuesday Blitz April 4 Early 2023"]
[White "Onslow, Alfie"]
[Black "Bettalli, Francesco"]
[WhiteFideId "436976"]
[BlackFideId "2816453"]
[WhiteElo "2114"]
[BlackElo "2216"]
[Result "0-1"]
[Round "02"]
[TimeControl "180+2"]
[Date "2023.04.04"]
[WhiteClock "0:00:03"]
[BlackClock "0:00:21"]

1. Nf3 g6 2. c4 Bg7 3. Nc3 c6 4. g3 d5 5. cxd5 cxd5 6. Bg2 Nf6 7. d4 O-O 8. O-O Ne4 9. Bf4 Nc6 10. Rc1 Bf5 11. Qb3 Na5 12. Qa4 Nc4 13. b3 Nb6 14. Qa5 Rc8 15. Nxe4 dxe4 16. Ne5 Qxd4 17. e3 Qd5 18. Qxa7 Bxe5 19. Bxe5 Qxe5 20. Qxb6 Rxc1 21. Rxc1 Qb2 22. Rd1 Bg4 23. Re1 Qd2 24. Ra1 Qc3 25. Rb1 Qc2 26. Re1 Ra8 27. Qxb7 Rxa2 28. Rf1 Be2 29. Bxe4 Qc3 0-1


[Site "https://www.chess.com"]

[Event "Titled Tuesday Blitz April 4 Early 2023"]
[White "Wahedi, Ahmad Siar"]
[Black "Dubreuil, Julien"]
[WhiteFideId "4651260"]
[BlackFideId "621285"]
[WhiteElo "2251"]
[BlackElo "2241"]
[Result "1-0"]
[Round "02"]
[TimeControl "180+2"]
[Date "2023.04.04"]
[WhiteClock "0:01:45"]
[BlackClock "0:01:37"]

1. e4 c5 2. Nf3 e6 3. c3 Nf6 4. d3 d5 5. e5 Nfd7 6. d4 Nc6 7. Na3 cxd4 8. cxd4 Bxa3 9. bxa3 O-O 10. Bd3 f6 11. exf6 Qxf6 12. O-O Kh8 13. Bb2 Ne7 14. Qe2 Ng6 15. Bxg6 Qxg6 16. Ne5 Nxe5 17. Qxe5 Qf6 18. Rae1 Qxe5 19. Rxe5 Bd7 20. Bc3 Rf4 21. g3 Rf3 22. Re3 Rxe3 23. fxe3 Kg8 24. Bb4 Rc8 25. Bc5 b6 26. Bb4 Bb5 27. Rf2 Bd3 28. Kg2 h5 29. Kh3 g5 30. g4 h4 31. Be7 Rc2 32. Rxc2 Bf1+ 33. Rg2 1-0


[Site "https://www.chess.com"]

[Event "Titled Tuesday Blitz April 4 Early 2023"]
[White "Kiselev, Pavel"]
[Black "Goltseva, Ekaterina"]
[WhiteFideId "4191102"]
[BlackFideId "24173770"]
[WhiteElo "2145"]
[BlackElo "2200"]
[Result "0-1"]
[Round "02"]
[TimeControl "180+2"]
[Date "2023.04.04"]
[WhiteClock "0:00:05"]
[BlackClock "0:00:09"]

1. e4 c5 2. c3 Nf6 3. e5 Nd5 4. d4 cxd4 5. cxd4 d6 6. Nf3 e6 7. Bc4 Nb6 8. Bb5+ Bd7 9. Bxd7+ Qxd7 10. O-O Nc6 11. Nc3 dxe5 12. dxe5 Be7 13. Bf4 O-O-O 14. Qxd7+ Rxd7 15. Nb5 a6 16. Nd6+ Bxd6 17. exd6 Nd5 18. Bg3 f6 19. Rfd1 Rdd8 20. Rac1 Kd7 21. b4 Ndxb4 22. Rb1 b5 23. a3 Nd5 24. Rbc1 Rc8 25. a4 b4 26. Rc5 Nb8 27. Rc7+ Rxc7 28. dxc7 Nc6 29. Nd4 Nxd4 30. Rxd4 Rc8 31. h3 Kc6 32. Rc4+ Kb6 33. Bd6 a5 34. Rc5 Nxc7 35. Rc4 Kb7 36. Rc5 Ne8 37. Rb5+ Ka6 38. Bg3 e5 39. f4 Nd6 40. Rd5 Ne4 41. Bh2 b3 42. g4 b2 43. Rb5 Rc1+ 44. Kg2 b1=Q 45. Rxb1 Rxb1 46. fxe5 fxe5 47. Bxe5 g6 48. h4 Rb4 49. h5 Rxa4 0-1


[Site "https://www.chess.com"]

[Event "Titled Tuesday Blitz April 4 Early 2023"]
[White "KorolDimitriy75"]
[Black "Srdanovic, Jovana"]
[BlackFideId "954810"]
[WhiteElo "2466"]
[BlackElo "2145"]
[Result "1-0"]
[Round "02"]
[TimeControl "180+2"]
[Date "2023.04.04"]
[WhiteClock "0:00:09"]
[BlackClock "0:00:22"]

1. d4 d5 2. c4 c6 3. Nc3 Nf6 4. e3 a6 5. Nf3 Bf5 6. Bd3 Bxd3 7. Qxd3 e6 8. O-O Be7 9. e4 dxe4 10. Nxe4 Nxe4 11. Qxe4 Nd7 12. Bf4 Nf6 13. Qe2 O-O 14. Rad1 Re8 15. h3 Qa5 16. b3 Rad8 17. Ne5 Qc3 18. Rd3 Qa5 19. Rfd1 c5 20. dxc5 Qxc5 21. Nd7 Nxd7 22. Rxd7 Rxd7 23. Rxd7 b5 24. cxb5 axb5 25. Qd3 b4 26. Rc7 Qd5 27. Qxd5 exd5 28. Rd7 Bf6 29. Rxd5 Ra8 30. Rb5 g5 31. Rb8+ Rxb8 32. Bxb8 Bc3 33. Kf1 f5 34. Ke2 Kf7 35. Kd3 Ke6 36. Kc4 Be1 37. f3 h5 38. Bc7 f4 39. Ba5 g4 40. hxg4 hxg4 41. Bxb4 Bf2 42. Bd2 1-0


[Site "https://www.chess.com"]

[Event "Titled Tuesday Blitz April 4 Early 2023"]
[White "Santos Flores, Alberto"]
[Black "Blokhin, Sofia"]
[WhiteFideId "3601234"]
[BlackFideId "4508190"]
[WhiteElo "2235"]
[BlackElo "1994"]
[Result "1-0"]
[Round "02"]
[TimeControl "180+2"]
[Date "2023.04.04"]
[WhiteClock "0:00:38"]
[BlackClock "0:00:06"]

1. e4 c5 2. Nf3 Nc6 3. Nc3 e6 4. d4 cxd4 5. Nxd4 Bb4 6. Nxc6 bxc6 7. Qg4 Qf6 8. Bd2 d5 9. Bd3 e5 10. Qg3 d4 11. Nb1 Be7 12. O-O Nh6 13. f4 exf4 14. Bxf4 Qg6 15. Qf3 Bg4 16. Qf2 c5 17. e5 Bf5 18. Bxh6 Bxd3 19. cxd3 gxh6 20. Nd2 O-O 21. Ne4 c4 22. Qe2 cxd3 23. Qxd3 f5 24. exf6 Bxf6 25. Nxf6+ Rxf6 26. Qxg6+ Rxg6 27. Rad1 Rb8 28. b3 Rd8 29. Rd3 Rg4 30. Re1 h5 31. g3 h4 32. Kg2 hxg3 33. hxg3 h5 34. Rf1 Kg7 35. Rf4 Rxf4 36. gxf4 Kf6 37. Kf3 Kf5 38. Rd1 d3 39. Ke3 d2 40. b4 Re8+ 41. Kf3 Re4 42. Rxd2 Rxf4+ 43. Kg3 Rxb4 44. Rd5+ Kg6 45. Ra5 Rg4+ 46. Kh3 Rc4 47. Rxa7 Rc5 48. a4 Kg5 49. a5 Rc3+ 50. Kg2 Ra3 51. a6 Kg4 52. Ra8 Ra2+ 53. Kf1 Kf3 54. Ke1 Ke3 55. Kd1 h4 56. a7 Kd3 57. Rd8+ Ke3 58. a8=Q Rxa8 59. Rxa8 Kf2 60. Rh8 Kg3 61. Ke2 h3 62. Kf1 Kh2 63. Kf2 Kh1 64. Rxh3# 1-0


[Site "https://www.chess.com"]

[Event "Titled Tuesday Blitz April 4 Early 2023"]
[White "Andreassen, Lars"]
[Black "Przybylski, Wojciech"]
[WhiteFideId "1504878"]
[BlackFideId "1117599"]
[WhiteElo "2119"]
[BlackElo "2222"]
[Result "0-1"]
[Round "02"]
[TimeControl "180+2"]
[Date "2023.04.04"]
[WhiteClock "0:00:03"]
[BlackClock "0:00:04"]

1. d4 Nf6 2. Nf3 d5 3. Bg5 Ne4 4. Bh4 Bf5 5. e3 c6 6. c3 Nd7 7. Nbd2 Nxd2 8. Qxd2 Qb6 9. Be2 h6 10. O-O e6 11. a4 a5 12. Rfe1 Bd6 13. Bg3 Be7 14. Ne5 Nf6 15. f3 h5 16. Bd3 Bxd3 17. Nxd3 h4 18. Bf2 h3 19. g3 Qc7 20. e4 dxe4 21. fxe4 Rd8 22. Qe2 Nd7 23. Be3 Nb6 24. Bf4 Bd6 25. Bxd6 Qxd6 26. Nc5 Qe7 27. Qg4 g6 28. Rf1 e5 29. Rad1 Nc4 30. Qe2 Nd6 31. Rde1 O-O 32. Qg4 b6 33. Nd3 exd4 34. cxd4 Nc4 35. e5 c5 36. e6 Rxd4 37. Qxh3 fxe6 38. Rxf8+ Qxf8 39. Qxe6+ Kg7 40. Nf4 Rd6 41. Qe7+ Qxe7 42. Rxe7+ Kf6 43. Re2 g5 44. Nh5+ Kg6 45. g4 Rd1+ 46. Kf2 Rd6 47. b3 Nd2 48. Ng3 Nxb3 49. Nf5 Rf6 50. Re7 Rc6 51. Rg7+ Kf6 52. Rh7 Ke5 53. Ke3 Nd4 54. Re7+ Kf6 0-1


[Site "https://www.chess.com"]

[Event "Titled Tuesday Blitz April 4 Early 2023"]
[White "WindWhistler11"]
[Black "Thiel, Thomas"]
[BlackFideId "4615964"]
[WhiteElo "2459"]
[BlackElo "2221"]
[Result "1-0"]
[Round "02"]
[TimeControl "180+2"]
[Date "2023.04.04"]
[WhiteClock "0:00:34"]
[BlackClock "0:00:37"]

1. c4 Nf6 2. Nf3 g6 3. g3 Bg7 4. Bg2 O-O 5. O-O c6 6. d3 d5 7. Qc2 dxc4 8. Qxc4 Na6 9. a3 Be6 10. Qc2 Qb6 11. Be3 Qb3 12. Qc1 Bd5 13. Nd4 Qa4 14. Nc3 Qa5 15. b4 Qd8 16. f3 e5 17. Nc2 Be6 18. Bg5 Re8 19. f4 h6 20. Bh4 exf4 21. gxf4 Bg4 22. Qd2 Nc7 23. Rae1 Ncd5 24. Ne4 Qb6+ 25. Bf2 Qc7 26. Bg3 Qb6+ 27. Kh1 Ne3 28. Qxe3 1-0


[Site "https://www.chess.com"]

[Event "Titled Tuesday Blitz April 4 Early 2023"]
[White "Shubenkova, Veronika"]
[Black "rionelG"]
[WhiteFideId "44124040"]
[WhiteElo "2027"]
[BlackElo "2205"]
[Result "1-0"]
[Round "02"]
[TimeControl "180+2"]
[Date "2023.04.04"]
[WhiteClock "0:02:11"]
[BlackClock "0:01:08"]

1. e4 c5 2. Nc3 d6 3. g3 Nc6 4. Bg2 g6 5. d3 Bg7 6. f4 e6 7. Nf3 Nge7 8. O-O O-O 9. Rb1 Rb8 10. Ne2 b5 11. Be3 b4 12. g4 f5 13. gxf5 exf5 14. Ng3 fxe4 15. dxe4 Bg4 16. h3 Bxf3 17. Qxf3 Nd4 18. Bxd4 Bxd4+ 19. Kh1 Be5 20. Qb3+ d5 21. fxe5 c4 22. Qe3 d4 23. Qh6 Qa5 24. e6 Qe5 25. Ne2 d3 26. cxd3 cxd3 27. Nf4 d2 28. Nd5 Nc6 29. Qxd2 Qxe6 30. Rbe1 Ne5 31. Rxf8+ Rxf8 32. Qxb4 Nd3 33. Ne7+ Kh8 34. Qc3+ Ne5 35. Nc6 Qxc6 36. Qxe5+ Kg8 37. Qd5+ 1-0


[Site "https://www.chess.com"]

[Event "Titled Tuesday Blitz April 4 Early 2023"]
[White "Pappelis, Dimitrios"]
[Black "Fieberg, Samuel"]
[WhiteFideId "4215281"]
[BlackFideId "12901717"]
[WhiteElo "2104"]
[BlackElo "2457"]
[Result "0-1"]
[Round "02"]
[TimeControl "180+2"]
[Date "2023.04.04"]
[WhiteClock "0:00:03"]
[BlackClock "0:01:27"]

1. e4 e6 2. d4 d5 3. exd5 exd5 4. Bd3 Nc6 5. c3 Bd6 6. Ne2 Nge7 7. Bf4 Bf5 8. O-O Bxf4 9. Nxf4 Qd6 10. Qf3 Bxd3 11. Nxd3 O-O 12. Nd2 Ng6 13. Rfe1 Rae8 14. g3 Nd8 15. Kg2 c6 16. h4 f6 17. h5 Nh8 18. Qf4 Qxf4 19. Nxf4 Nhf7 20. Nb3 Nd6 21. Nc5 Rxe1 22. Rxe1 Re8 23. Rxe8+ Nxe8 24. f3 Kf7 25. g4 g5 26. Ne2 Nd6 27. b3 f5 28. Nd3 fxg4 29. Ne5+ Ke7 30. Nxg4 Ne6 31. Ne5 Nf5 32. Kf2 Neg7 33. f4 g4 34. Nxg4 Nxh5 35. Ne5 Nf6 36. Kf3 h5 37. c4 Ke6 38. c5 h4 39. b4 h3 40. a4 a6 41. Ng4 Nxg4 42. Kxg4 h2 0-1


[Site "https://www.chess.com"]

[Event "Titled Tuesday Blitz April 4 Early 2023"]
[White "Jumanov, Elbek"]
[Black "Dahlgren, James Allen"]
[WhiteFideId "14202905"]
[BlackFideId "22256873"]
[WhiteElo "2055"]
[BlackElo "2202"]
[Result "1-0"]
[Round "02"]
[TimeControl "180+2"]
[Date "2023.04.04"]
[WhiteClock "0:00:24"]
[BlackClock "0:00:06"]

1. c4 e6 2. Nf3 c5 3. g3 Nf6 4. Nc3 d5 5. cxd5 exd5 6. d4 Be6 7. Bg2 Nc6 8. O-O Be7 9. dxc5 Bxc5 10. Bg5 O-O 11. Rc1 Be7 12. Nd4 Nxd4 13. Qxd4 h6 14. Bf4 Qd7 15. Rfd1 Rfd8 16. a3 b6 17. e4 dxe4 18. Qxd7 Rxd7 19. Rxd7 Bxd7 20. Nxe4 Rc8 21. Rd1 Bc6 22. Nc3 Bxg2 23. Kxg2 Rd8 24. Rxd8+ Bxd8 25. b3 a6 26. a4 Kf8 27. Kf3 Ke7 28. h3 Ke6 29. Bd2 Nd5 30. Ne2 Bf6 31. Ke4 Bb2 32. Nd4+ Kd6 33. Nf5+ Ke6 34. Nd4+ Kd6 35. Nf5+ Ke6 36. Ne3 Nxe3 37. Kxe3 Kd5 38. Kd3 Bd4 39. f3 f5 40. g4 fxg4 41. fxg4 b5 42. h4 bxa4 43. bxa4 Bf2 44. h5 Bd4 45. Bf4 Bf6 46. Be3 Ba1 47. Bb6 Bf6 48. Ba5 Ba1 49. Bb4 Bf6 50. Bf8 Be5 51. Ke3 Bc3 52. Kf4 Kc4 53. Kf5 Kb3 54. Kg6 Kxa4 55. Bxg7 Bxg7 56. Kxg7 Kb3 57. g5 a5 58. gxh6 a4 59. h7 a3 60. h8=Q a2 61. Kg6 Kc2 62. Qa1 Kb3 63. h6 1-0


[Site "https://www.chess.com"]

[Event "Titled Tuesday Blitz April 4 Early 2023"]
[White "lluiss"]
[Black "Khandelwal, Ankush"]
[BlackFideId "413470"]
[WhiteElo "2202"]
[BlackElo "2263"]
[Result "1-0"]
[Round "02"]
[TimeControl "180+2"]
[Date "2023.04.04"]
[WhiteClock "0:00:38"]
[BlackClock "0:00:11"]

1. c4 Nf6 2. Nc3 g6 3. g3 Bg7 4. Bg2 O-O 5. e3 c6 6. Nge2 d5 7. cxd5 cxd5 8. O-O Nc6 9. d4 b6 10. Nf4 e6 11. Re1 Bb7 12. b3 Rc8 13. Bb2 h5 14. h4 Ng4 15. Qd2 a6 16. Rac1 b5 17. Nce2 Qb6 18. Nd3 e5 19. dxe5 Ncxe5 20. Nxe5 Nxe5 21. Bd4 Qd6 22. Nf4 Rfd8 23. Rxc8 Rxc8 24. Rc1 Rxc1+ 25. Qxc1 Ng4 26. Bxg7 Kxg7 27. Qc3+ Kh7 28. b4 Nf6 29. Qd4 Qc6 30. Bf3 Qc2 31. Qxf6 1-0


[Site "https://www.chess.com"]

[Event "Titled Tuesday Blitz April 4 Early 2023"]
[White "Ciuffoletti, Paolo"]
[Black "Nguyen Hong Nhung"]
[WhiteFideId "807630"]
[BlackFideId "12412201"]
[WhiteElo "2143"]
[BlackElo "1968"]
[Result "0-1"]
[Round "02"]
[TimeControl "180+2"]
[Date "2023.04.04"]
[WhiteClock "0:00:02"]
[BlackClock "0:00:30"]

1. e4 c5 2. d4 cxd4 3. c3 Nf6 4. e5 Nd5 5. Qxd4 e6 6. Bc4 Nc6 7. Qe4 f5 8. Qe2 Nb6 9. Bb3 a5 10. a4 Bc5 11. Na3 O-O 12. Nb5 Re8 13. Nf3 d6 14. Bg5 Qd7 15. exd6 Kh8 16. Rd1 e5 17. Be3 Bxe3 18. Qxe3 h6 19. Qxb6 e4 20. Nfd4 Ne5 21. O-O Ra6 22. Qc5 Nd3 23. Nc7 Nxc5 24. Nxa6 bxa6 25. Bd5 Qxd6 26. Nc2 Qf6 27. Ne3 Be6 28. Bxe6 Qxe6 29. Nd5 Rd8 30. Nf4 Qe8 31. Ng6+ Kh7 32. Rxd8 Qxd8 0-1


[Site "https://www.chess.com"]

[Event "Titled Tuesday Blitz April 4 Early 2023"]
[White "Andreev, Konstantin"]
[Black "Kiseleva, Arina"]
[WhiteFideId "24239305"]
[BlackFideId "4164989"]
[WhiteElo "2106"]
[BlackElo "1708"]
[Result "1-0"]
[Round "02"]
[TimeControl "180+2"]
[Date "2023.04.04"]
[WhiteClock "0:01:00"]
[BlackClock "0:00:02"]

1. e4 c6 2. d4 d5 3. e5 Bf5 4. Nf3 e6 5. Be2 h6 6. O-O a6 7. Nbd2 c5 8. c3 Nd7 9. h3 Ne7 10. Ne1 Nc6 11. Nb3 Be7 12. Be3 c4 13. Nd2 b5 14. f4 h5 15. Bxh5 Qb6 16. g4 Bg6 17. Bxg6 fxg6 18. Qf3 O-O-O 19. b3 Rdf8 20. a4 g5 21. f5 cxb3 22. axb5 Qxb5 23. Ng2 b2 24. Ra2 Kc7 25. Rb1 exf5 26. gxf5 Qd3 27. Raxb2 Rxf5 28. Qg3 g4 29. hxg4 Bh4 30. Nxh4 Rxh4 31. gxf5 Rh7 32. e6+ Kc8 33. exd7+ Kxd7 34. Rb7+ 1-0


[Site "https://www.chess.com"]